 Dungeon Crawl Stone Soup version 0.20-a0-991-g93344ec (webtiles) character file.

76 MudBrick2 the Chopper (level 4, -6/34 HPs)
             Began as a Barachi Skald on Apr 11, 2017.
             Killed from afar by Sigmund (8 damage)
             ... with a puff of flame
             ... on level 2 of the Dungeon.
             The game lasted 00:06:13 (1694 turns).

MudBrick2 the Chopper (Barachi Skald)               Turns: 1694, Time: 00:06:16

Health: -6/34      AC:  4    Str:  9 (12) XL:     4   Next: 32%
Magic:  1/7        EV: 11    Int: 11 (14) God:
Gold:   83         SH:  0    Dex: 10 (12) Spells: 6/7 levels left

rFire    . . .     SeeInvis .   a - +0 hand axe
rCold    . . .     Gourm    .   (no shield)
rNeg     . . .     Faith    .   b - +0 leather armour
rPois    .         Spirit   .   (no helmet)
rElec    .         Reflect  .   k - +0 cloak
rCorr    .         Harm     .   (no gloves)
MR       .....                  (no boots)
Stlth    +.........             (no amulet)
Regen    0.2/turn               (no ring)
MPRegen  0.1/turn               (no ring)

@: infused, slow
A: +LOS, swims, slowness 1, strong legs 1
a: Hop


You were on level 2 of the Dungeon.
You were not hungry.

You visited 1 branch of the dungeon, and saw 2 of its levels.

You collected 83 gold pieces.

Inventory:

Hand Weapons
 a - a +0 hand axe (weapon)
Armour
 b - a +0 leather armour (worn)
 k - a +0 cloak (worn)
 l - a +0 chain mail
Scrolls
 e - 3 scrolls of identify {unknown}
 g - a scroll of enchant weapon {unknown}
 h - a scroll of teleportation {unknown}
 i - a scroll of blinking {unknown}
Potions
 d - a potion of might {unknown}
 f - a potion of degeneration
 j - a potion of haste {unknown}
 m - a potion of lignification {unknown}
Books
 c - a book of Battle

   Spells                             Type                      Level
   a - Infusion                       Charms                       1
   b - Shroud of Golubria             Charms/Translocation         2
   c - Song of Slaying                Charms                       2
   d - Spectral Weapon                Hexes/Charms                 3
   e - Regeneration                   Charms/Necromancy            3


   Skills:
 - Level 2.4 Fighting
 * Level 4.9 Axes
 - Level 1.2 Armour
 - Level 2.1 Dodging
 - Level 2.1 Spellcasting
 - Level 3.2 Charms


You had 6 spell levels left.
You knew the following spells:

 Your Spells              Type           Power        Failure   Level  Hunger
a - Infusion              Chrm           #...         12%         1    ##.....


Dungeon Overview and Level Annotations

Branches:
Dungeon (2/15)

Altars:

Annotations:
D:2 Sigmund


Innate Abilities, Weirdness & Mutations

Shadows flee at your approach. (+LOS)
You can swim through water.
You cover ground slowly.
You can hop short distances.


Message History

The leopard gecko bites you but does no damage.
Sigmund hits you with a scythe!
* * * LOW HITPOINT WARNING * * *
It was a potion of degeneration.
There was something very wrong with that liquid.
You feel weakened.
You feel dopey.
You feel clumsy. The leopard gecko bites you.
* * * LOW HITPOINT WARNING * * *
You hit Sigmund.
Sigmund is moderately wounded.
You barely miss the leopard gecko. The leopard gecko misses you.
Sigmund barely misses you.
A bat comes into view.
You completely miss Sigmund.
Sigmund is moderately wounded.
You hit the leopard gecko.
You kill the leopard gecko!
Sigmund gestures at you while chanting. The puff of flame hits you!
You die...

#.#. # #.
#.#.## ......
#.#... #### ...
######### ####
#@@.....# #...
...b...†#####.#
#.## ####.#..
#[# #... # #..
#.#># #### #.)
#.#.# #..
#.#.## ...
#.#..# #.#
####.#..# #.
#.......#


You could see Sigmund and a bat.

Vanquished Creatures
  Jessica (D:2)
  A gnoll (D:1)
  An adder (D:2)
  2 dart slugs
  3 leopard geckos
  A bat (D:1)
  5 giant cockroaches
  2 goblins
  A hobgoblin (D:2)
  3 kobolds (D:1)
  A quokka (D:2)
  2 frilled lizards
  2 rats
25 creatures vanquished.

Notes
Turn   | Place    | Note
-------+----------+-------------------------------------------
     0 | D:1      | MudBrick2 the Barachi Skald began the quest for the Orb.
     0 | D:1      | Reached XP level 1. HP: 17/17 MP: 3/3
   552 | D:1      | Reached XP level 2. HP: 21/23 MP: 5/5
   651 | D:1      | Reached skill level 3 in Axes
   820 | D:1      | Reached XP level 3. HP: 22/28 MP: 0/6
  1209 | D:2      | Reached skill level 4 in Axes
  1662 | D:2      | Noticed Jessica
  1678 | D:2      | Killed Jessica
  1678 | D:2      | Reached XP level 4. HP: 32/34 MP: 4/7
  1684 | D:2      | Noticed Sigmund
  1694 | D:2      | Killed from afar by Sigmund

Vault maps used:
D:1:      dpeg_arrival_water_fire, minmay_misc_feat_rugged
D:2:      uniq_jessica, uniq_sigmund

Skill      XL: |  1  2  3 |
---------------+----------+-----
Axes           | 3 4 |  4.9
Fighting       | |  2.4
Armour         | |  1.2
Dodging        | |  2.1
Spellcasting   | |  2.1
Charms         | |  3.2

Action                   |  1- 3 |  4- 6 || total
-------------------------+-------+-------++-------
Melee: Hand axe          |    71 |     5 ||    76
 Cast: Infusion          |     9 |     1 ||    10
  Use: Potion            |       |     1 ||     1
  Eat: Bread ration      |     1 |       ||     1
       Chunk             |     1 |       ||     1
Armor: Leather armour    |    16 |     1 ||    17
Dodge: Dodged            |    53 |     5 ||    58
